 Dungeon Crawl Stone Soup version 0.23-a0-169-gb21e695 (webtiles) character file.

106 Inarius the Skirmisher (level 4, 0/35 HPs)
             Began as a Demonspawn Fighter on Sept 11, 2018.
             Killed from afar by Natasha (8 damage)
             ... with a magic dart
             ... on level 3 of the Dungeon.
             The game lasted 00:02:57 (1728 turns).

Inarius the Skirmisher (Demonspawn Fighter)         Turns: 1728, Time: 00:02:58

Health: 0/35       AC:  8    Str: 18    XL:     4   Next: 55%
Magic:  4/4        EV:  7    Int:  9    God:
Gold:   78         SH:  9    Dex: 17    Spells: 3/3 levels left

rFire    . . .     SeeInvis .   a - +0 war axe
rCold    . . .     Gourm    .   c - +0 shield
rNeg     . . .     Faith    .   b - +0 scale mail
rPois    .         Spirit   .   (helmet restricted)
rElec    .         Reflect  .   e - +0 cloak
rCorr    .         Harm     .   (no gloves)
MR       .....                  (no boots)
Stlth    ..........             (no amulet)
HPRegen  0.11/turn              g - +5 ring of dexterity
MPRegen  0.09/turn              (no ring)

@: slowed, very slow
A: horns 1, powered by death 1
a: no special abilities


You were on level 3 of the Dungeon.
You were not hungry.

You visited 1 branch of the dungeon, and saw 3 of its levels.

You collected 78 gold pieces.

Inventory:

Hand Weapons
 a - a +0 war axe (weapon)
Armour
 b - a +0 scale mail (worn)
 c - a +0 shield (worn)
 e - a +0 cloak (worn)
Jewellery
 g - a +5 ring of dexterity (left hand)
Scrolls
 j - 2 scrolls of teleportation {unknown}
 l - 3 scrolls of amnesia {unknown}
 m - 2 scrolls of magic mapping {unknown}
Potions
 d - a potion of might
 h - 2 potions of brilliance {unknown}
 i - a potion of curing {unknown}
 k - a potion of agility {unknown}
Comestibles
 f - 3 rations


   Skills:
 + Level 3.4 Fighting
 + Level 3.0 Axes
 + Level 3.2 Armour
 + Level 0.2 Dodging
 + Level 0.7 Stealth
 + Level 3.2 Shields


You had 3 spell levels left.
You didn't know any spells.
Your spell library was empty.

Dungeon Overview and Level Annotations

Branches:
Dungeon (3/15)

Altars:
Dithmenos
Wu Jian

Annotations:
D:3 Natasha


Innate Abilities, Weirdness & Mutations

You have a pair of small horns on your head.
You regenerate a little health from kills.


Message History

Your headbutt misses Natasha. You block Natasha's attack.
Natasha barely misses you.
You hit Natasha.
Natasha is lightly wounded.
Natasha claws you! Natasha casts a spell at you. You resist with some effort.
You closely miss Natasha.
Natasha is lightly wounded.
You block Natasha's attack. Natasha claws you!
* * * LOW HITPOINT WARNING * * *
Natasha claws you but does no damage.
You barely miss Natasha.
Natasha is lightly wounded.
Natasha claws you but does no damage. x2
You slash Natasha! You headbutt Natasha.
Natasha is severely wounded.
Natasha stares at you and mumbles some strange words.
The magic dart hits you!
You die...

#)# #.>##.#.# #.# #..# .#.#
##+#.## #..# ...# ##.....
..# #..# ##.....## #.# #..#
##.......## ##.###..#
####.........####.......###
...'.........'.............
###......@h.####...##.###.
##.......## ##.###.#
.........<## ### #.#
####.#...## ####.# #.##+##
#....# #. #.#### #
#######.# #.....#.#
#.###.#.#


You could see Natasha.

Vanquished Creatures
  Natasha (twice) (D:3)
  2 worms (D:2)
  A dart slug (D:2)
  2 leopard geckos
  2 giant cockroaches
  8 goblins
  3 hobgoblins
  6 jackals
  6 bats
  4 frilled lizards
  6 kobolds
  5 rats
47 creatures vanquished.

Notes
Turn   | Place    | Note
-------+----------+-------------------------------------------
     0 | D:1      | Inarius the Demonspawn Fighter began the quest for the Orb.
     0 | D:1      | Reached XP level 1. HP: 18/18 MP: 1/1
    55 | D:1      | Gained mutation: You have a pair of small horns on your
                  | head. [demonic ancestry]
    55 | D:1      | Reached XP level 2. HP: 19/24 MP: 2/2
   678 | D:2      | Found an ornate altar of the Wu Jian Council.
   728 | D:2      | Gained mutation: You regenerate a little health from kills.
                  | [demonic ancestry]
   728 | D:2      | Reached XP level 3. HP: 29/29 MP: 3/3
  1026 | D:2      | Found a shadowy altar of Dithmenos.
  1691 | D:3      | Noticed Natasha
  1697 | D:3      | Killed Natasha
  1697 | D:3      | Reached XP level 4. HP: 27/35 MP: 4/4
  1710 | D:3      | Noticed Natasha
  1717 | D:3      | Killed Natasha
  1719 | D:3      | Noticed Natasha
  1728 | D:3      | Killed from afar by Natasha

Vault maps used:
D:1:      eino_arrival_water_cross, minmay_misc_feat_square
D:2:      nicolae_overflow_crystal_walls,
          nicolae_dithmenos_through_a_glass_darkly
D:3:      kiku_gazebo_garden_becter, old_standard_altar,
          gammafunk_ghost_nasty_kobolds, first_ration, uniq_sigmund,
          uniq_natasha, uniq_crazy_yiuf_cottage

Skill      XL: |  1  2  3  4 |
---------------+-------------+-----
Axes           | 2 3 |  3.0
Armour         | 3 |  3.2
Shields        | 3 |  3.2
Fighting       | |  3.4
Dodging        | |  0.2
Stealth        | |  0.7

Action                   |  1- 3 |  4- 6 || total
-------------------------+-------+-------++-------
Melee: War axe           |   113 |    10 ||   123
       Headbutt          |    14 |     2 ||    16
  Eat: Chunk             |     3 |       ||     3
Armor: Scale mail        |    61 |     5 ||    66
Dodge: Dodged            |    45 |     2 ||    47
Block: Shield            |    70 |     4 ||    74

Table legend:
 A = Non-vault XP
 B = Vault XP
 C = Vault XP percentage of total XP
 D = Non-vault monster count
 E = Vault monster count
 F = Vault count percentage of total count
                 A         B        C        D         E       F
            +---------+---------+-------+---------+---------+-------
      Total |     117 |      35 |  23.0 |      46 |       1 |   2.1
            +---------+---------+-------+---------+---------+-------
        D:1 |      39 |       0 |   0.0 |      24 |       0 |   0.0
        D:2 |      38 |       0 |   0.0 |      19 |       0 |   0.0
        D:3 |      40 |      35 |  46.7 |       3 |       1 |  25.0
            +---------+---------+-------+---------+---------+-------
